 Dungeon Crawl Stone Soup version 0.20.1-1-g8b1a95d (webtiles) character file.

53 Kaniblood the Skirmisher (level 3, 0/40 HPs)
             Began as a Troll Wanderer on Aug 24, 2017.
             Killed from afar by a dart slug (2 damage)
             ... with a slug dart
             ... on level 2 of the Dungeon on Aug 25, 2017.
             The game lasted 00:16:10 (1957 turns).

Kaniblood the Skirmisher (Troll Wanderer)           Turns: 1957, Time: 00:16:37

Health: 0/40       AC:  5    Str: 21    XL:     3   Next: 62%
Magic:  2/2        EV:  9    Int:  8    God:
Gold:   63         SH:  0    Dex:  9    Spells: 2/2 levels left

rFire    . . .     SeeInvis .   f - +0 whip
rCold    . . .     Gourm    +   (no shield)
rNeg     . . .     Faith    .   c - +0 robe
rPois    .         Spirit   .   (helmet restricted)
rElec    .         Reflect  .   (no cloak)
rCorr    .         Harm     .   (gloves unavailable)
MR       .....                  (boots unavailable)
Stlth    +.........             (no amulet)
Regen    0.6/turn               (no ring)
MPRegen  0.1/turn               (no ring)

@: lethally poisoned (0 -> -3)
A: unfitting armour, claws 3, fast metabolism 3, gourmand, regeneration 1,
shaggy fur 1, tough skin 2
a: no special abilities


You were on level 2 of the Dungeon.
You were not hungry.

You visited 1 branch of the dungeon, and saw 2 of its levels.

You collected 63 gold pieces.

Inventory:

Hand Weapons
 a - a +2 falchion
 b - a +0 quarterstaff
 e - a +0 club
 f - a +0 whip (weapon)
 i - a +0 whip
 j - a +0 dagger
 l - a cursed -1 club
 m - a +0 club
 r - a +0 mace
 s - a +0 dagger
 t - a +0 club
 u - a +0 dagger
Missiles
 h - 18 poisoned needles
 q - 42 stones (quivered)
Armour
 c - a +0 robe (worn)
 k - a +0 leather armour
 p - a +0 buckler
 v - a +0 robe
Jewellery
 d - a cursed ring of teleportation {unknown}
Scrolls
 g - a scroll of identify {unknown}
Potions
 n - a potion of berserk rage {unknown}
 o - 2 potions of curing {unknown}


   Skills:
 + Level 4.7 Fighting
 + Level 1.5 Long Blades
 + Level 1.0 Maces & Flails
 + Level 1.8 Throwing
 + Level 1.3 Dodging


You had 2 spell levels left.
You didn't know any spells.

Dungeon Overview and Level Annotations

Branches:
Dungeon (2/15)

Altars:


Innate Abilities, Weirdness & Mutations

You are too large for most types of armour.
You have claws for hands.
Your metabolism is lightning-fast.
You like to eat raw meat.
Your natural rate of healing is unusually fast.
You are covered in fur. (AC +1)
You have very tough skin. (AC +2)


Message History

* * * LOW HITPOINT WARNING * * *
The adder bites you but does no damage.
You aren't carrying any food.
You aren't carrying any food.
You barely miss the adder.
The adder is heavily wounded.
* * * LOW HITPOINT WARNING * * *
You feel sick. The adder completely misses you. The goblin barely misses you.
You closely miss the adder.
The adder is heavily wounded.
* * * LOW HITPOINT WARNING * * *
You feel sick. The adder bites you but does no damage.
The goblin hits you but does no damage. The adder bites you but does no damage.
You hit the adder.
The adder is severely wounded.
* * * LOW HITPOINT WARNING * * *
You feel sick. The dart slug launches a dart at you. The slug dart hits you!
You die...

..######... ..%.......
... .......... ..
#........ .. #........ .
#....w..#.# #.......#.#
#.#@S.# #.#g### #.#...#
#.###.#######
###............
#...>..........
##########.#############
#..........#
#.################


You could see an adder, a dart slug and a goblin.

Vanquished Creatures
  Jessica (D:2)
  A dart slug (D:1)
  A leopard gecko (D:1)
  2 giant cockroaches (D:1)
  5 goblins
  5 hobgoblins
  2 bats (D:1)
  4 kobolds (D:1)
  A rat (D:1)
22 creatures vanquished.

Notes
Turn   | Place    | Note
-------+----------+-------------------------------------------
     0 | D:1      | Kaniblood the Troll Wanderer began the quest for the Orb.
     0 | D:1      | Kaniblood set off with: a +2 falchion, a +0 quarterstaff, a +0 robe, 2 bread rations
     0 | D:1      | Reached XP level 1. HP: 24/24 MP: 0/0
   135 | D:1      | Reached XP level 2. HP: 33/33 MP: 1/1
  1798 | D:2      | Noticed Jessica
  1823 | D:2      | Killed Jessica
  1823 | D:2      | Reached XP level 3. HP: 12/40 MP: 2/2
  1956 | D:2      | HP: 2/40 [poisoned by an adder]
  1957 | D:2      | Killed from afar by a dart slug

Action                   || total
-------------------------++-------
Melee: Falchion          ||    14
       Whip              ||    77
  Eat: Chunk             ||     8
       Bread ration      ||     2
Armor: Robe              ||    45
Dodge: Dodged            ||    61
       Rpst.: Falchion   ||     2
